 Dungeon Crawl Stone Soup version 0.26-a0-712-ga5a9c9c9d0 (webtiles) character file.

Game seed: 1896365308368285863

3240 kae the Transmogrifier (level 9, -2/84 HPs)
             Began as a Naga Transmuter on Nov 5, 2020.
             Was a Believer of Cheibriados.
             Slain by a black bear (4 damage)
             ... on level 9 of the Dungeon.
             The game lasted 00:11:11 (11662 turns).

kae the Transmogrifier (Naga Transmuter)           Turns: 11662, Time: 00:11:12

Health: -2/84      AC:  3    Str: 19    XL:     9   Next: 99%
Magic:  11/15      EV: 10    Int: 25    God:    Cheibriados [**....]
Gold:   498        SH:  0    Dex: 15    Spells: 3/16 levels left

rFire    x . .     SeeInvis +     - Unarmed
rCold    + + +     Faith    .   (shield currently unavailable)
rNeg     . . .     Spirit   .   (armour currently unavailable)
rPois    +         Reflect  .   (helmet currently unavailable)
rElec    .         Harm     .   (cloak currently unavailable)
rCorr    .         Rampage  .   (gloves currently unavailable)
MR       +....                  (no barding)
Stlth    +.........             l - amulet of magic regeneration
HPRegen  0.24/turn              o - +6 ring of intelligence
MPRegen  0.39/turn              (no ring)

@: ice-form, corroded, studying Shields, very slow
A: large, see invisible, spit poison 1, AC +3
a: Spit Poison, End Transformation, Bend Time, Renounce Religion


You were on level 9 of the Dungeon.
You worshipped Cheibriados.
Cheibriados was pleased with you.
You were a creature of crystalline ice.
You visited 2 branches of the dungeon, and saw 10 of its levels.

You collected 498 gold pieces.

Inventory:

Armour
 a - a +1 robe (melded)
 j - a cursed +0 cloak (melded)
Jewellery
 i - a cursed -4 ring of slaying {unknown}
 l - an amulet of magic regeneration (around neck)
 o - a +6 ring of intelligence (left front paw)
 y - a +6 ring of strength {unknown}
Wands
 q - a wand of iceblast (8)
 x - a wand of disintegration (6)
Scrolls
 b - 2 scrolls of amnesia
 c - 7 scrolls of teleportation
 f - 5 scrolls of identify
 g - 3 scrolls of remove curse
 k - 6 scrolls of enchant weapon
 p - 2 scrolls of fog
 t - 2 scrolls of enchant armour
Potions
 d - a potion of flight
 e - a potion of berserk rage
 h - 2 potions of might
 m - a potion of magic
 n - 2 potions of haste
 u - a potion of invisibility {unknown}
 v - a potion of brilliance
Books
 s - a manual of Shields


   Skills:
 - Level 1.0 Fighting
 - Level 1.5 Dodging
 + Level 7.7 Unarmed Combat
 - Level 4.0 Spellcasting
 * Level 10.1 Transmutations
 - Level 4.0 Ice Magic
 - Level 3.0 Poison Magic


You had 3 spell levels left.
You knew the following spells:

 Your Spells              Type           Power        Failure   Level
a - Beastly Appendage     Tmut           ######       1%          1
b - Spider Form           Tmut/Pois      #####.....   1%          3
c - Blade Hands           Tmut           ######....   4%          5
d - Ice Form              Ice/Tmut       #####...     4%          4

Your spell library contained the following spells:

 Spells                   Type           Power        Failure   Level
 Wereblood                Tmut           ######..     1%          2
 Magic Dart               Conj           #...         9%          1
 Blink                    Tloc           N/A          14%         2
 Call Imp                 Summ           #.......     14%         2
 Slow                     Hex            #.......     14%         2
 Mephitic Cloud           Conj/Pois/Air  ##......     19%         3
 Confusing Touch          Hex            #.......     26%         3
 Conjure Flame            Conj/Fire      #.......     26%         3
 Gell's Gravitas          Tloc           #.........   26%         3
 Petrify                  Tmut/Erth      ####....     12%         4
 Yara's Violent Unravell  Hex/Tmut       ####......   32%         5
 Metabolic Englaciation   Hex/Ice        ###.......   73%         5


Dungeon Overview and Level Annotations

Branches:
Dungeon (9/15)             Temple (1/1) D:5
   Lair: D:8-11         Orc: D:9-12

Altars:
Cheibriados
Dithmenos
Elyvilon
Fedhas
Gozag
Hepliaklqana
Kikubaaqudgha
Makhleb
Nemelex Xobeh
Ru
Sif Muna
Trog
Uskayaw
Vehumet
Wu Jian
Xom
Yredelemnul
Zin
The Shining One
Lugonu

Annotations:
D:7 3 runed translucent doors, p0werm0de's ghost, novice DDFi


Innate Abilities, Weirdness & Mutations

You cannot wear boots.
((Your serpentine skin is tough. (AC +3)))
You have supernaturally acute eyesight. (SInv)
((Armour fits poorly on your strangely shaped body.))
((Your system is resistant to poisons. (rPois)))
((You cover ground very slowly.))
You can spit poison.


Message History

The orc wizard looks encouraged for a moment.
The orc completely misses you. The jelly hits you.
You are splashed with acid!
You warm up again.
Your cursed +0 cloak unmelds from your body.
Your +1 robe unmelds from your body.
The jelly hits you. The acid corrodes you!
You are splashed with acid!
* * * LOW HITPOINT WARNING * * *
The orc hits you with a +0 mace!
* * * LOW HITPOINT WARNING * * *
Casting: Ice Form (dangerous; 4% risk of failure)
Confirm with . or Enter, or press ? or * to list all spells.
You turn into a creature of crystalline ice.
Your cursed +0 cloak melds into your body.
Your +1 robe melds into your body.
The black bear bites you.
* * * LOW HITPOINT WARNING * * *
The black bear claws you.
* * * LOW HITPOINT WARNING * * *
The black bear claws you.
You die...

........###....#
...............#######
......................
..........†...........
.........###....######
.........# #o...#
.........# #.Z..#
..###....# #.oJh# ..
#....# #..Y.# #....#
#....# #[...# #..<.#
###### ######


You could see a black bear, a jelly, an orc wizard (invisible), an orc and a
howler monkey skeleton.

Vanquished Creatures
  A two-headed ogre (D:9)
  Sigmund (D:2)
  2 orc warriors
  2 sky beasts
  3 ogres
  A black bear (D:4)
  6 centaurs
  2 bullfrogs
  A scorpion (D:6)
  2 howler monkeys
  A bullfrog zombie (D:5)
  3 hounds
  2 jellies (D:6)
  Crazy Yiuf (D:6)
  An orc priest (D:5)
  A gnoll shaman (D:5)
  5 iguanas
  6 orc wizards
  3 worker ants
  2 howler monkey skeletons
  2 howler monkey zombies
  Robin (D:4)
  4 gnolls (D:5)
  10 adders
  2 shadow imps
  3 white imps (D:5)
  3 ufetubi
  An ooze (D:4)
  3 adder skeletons
  4 worms
  A dart slug (D:3)
  8 leopard geckos
  18 orcs
  A ball python (D:1)
  7 giant cockroaches
  10 goblins
  8 hobgoblins
  8 jackals
  3 quokkas
  4 bats
  A frilled lizard (D:4)
  2 kobolds
  2 leopard gecko skeletons
  A leopard gecko zombie (D:8)
  6 rats
159 creatures vanquished.

Notes
Turn   | Place    | Note
-------+----------+-------------------------------------------
     0 | D:1      | kae the Naga Transmuter began the quest for the Orb.
     0 | D:1      | Reached XP level 1. HP: 18/18 MP: 3/3
   263 | D:1      | Reached XP level 2. HP: 18/25 MP: 3/5
   903 | D:1      | Reached skill level 3 in Transmutations
  1127 | D:1      | Reached XP level 3. HP: 31/31 MP: 4/6
  1132 | D:1      | Learned a level 3 spell: Spider Form
  1559 | D:2      | Noticed Sigmund
  1575 | D:2      | Killed Sigmund
  1575 | D:2      | Reached skill level 4 in Transmutations
  1575 | D:2      | Reached XP level 4. HP: 22/38 MP: 4/7
  1575 | D:2      | Reached XP level 5. HP: 25/44 MP: 4/8
  2007 | D:2      | Found an opulent altar of Gozag.
  2350 | D:2      | Reached XP level 6. HP: 51/51 MP: 6/10
  2607 | D:2      | Found a bloodstained altar of Trog.
  2843 | D:3      | Found a shimmering altar of Xom.
  3064 | D:3      | Found a hide-covered altar of Uskayaw.
  3308 | D:3      | Found a hazy altar of Hepliaklqana.
  3425 | D:3      | Found a white marble altar of Elyvilon.
  3804 | D:4      | Reached skill level 5 in Transmutations
  3804 | D:4      | Reached XP level 7. HP: 24/57 MP: 8/11
  4787 | D:4      | Noticed Robin
  4795 | D:4      | Killed Robin
  4868 | D:4      | Reached skill level 5 in Unarmed Combat
  4940 | D:4      | Reached skill level 6 in Transmutations
  5268 | D:4      | Found an ancient bone altar of Kikubaaqudgha.
  5363 | D:4      | Found a shimmering blue altar of Sif Muna.
  5590 | D:5      | Entered Level 5 of the Dungeon
  5692 | D:5      | Found a shadowy altar of Dithmenos.
  5736 | D:5      | Reached XP level 8. HP: 32/64 MP: 10/14
  6736 | D:5      | Reached skill level 7 in Transmutations
  7034 | D:5      | HP: 2/64 [gnoll/+0 flail (13)]
  7388 | D:5      | Found a staircase to the Ecumenical Temple.
  7398 | Temple   | Entered the Ecumenical Temple
  7867 | D:5      | Learned a level 5 spell: Blade Hands
  7872 | D:5      | Learned a level 4 spell: Ice Form
  7959 | D:6      | Reached skill level 1 in Ice Magic
  8346 | D:6      | Found a snail-covered altar of Cheibriados.
  8358 | D:6      | Became a worshipper of Cheibriados the Contemplative
  8619 | D:6      | Reached skill level 8 in Transmutations
  8693 | D:6      | Reached XP level 9. HP: 47/70 MP: 15/15
  9130 | D:6      | Found a runed translucent door.
  9131 | D:6      | Noticed Crazy Yiuf
  9138 | D:6      | Killed Crazy Yiuf
  9792 | D:7      | Reached * piety under Cheibriados
 10213 | D:7      | Found a sacrificial altar of Ru.
 10286 | D:7      | Found a runed translucent gate.
 10287 | D:7      | Found a runed translucent gate.
 10287 | D:7      | Found a runed translucent gate.
 10287 | D:7      | Noticed p0werm0de's ghost (novice DDFi)
 10701 | D:8      | Reached skill level 9 in Transmutations
 10970 | D:8      | Found a basalt altar of Yredelemnul.
 11026 | D:8      | Reached ** piety under Cheibriados
 11639 | D:9      | Noticed a two-headed ogre
 11648 | D:9      | Killed a two-headed ogre
 11648 | D:9      | Reached skill level 10 in Transmutations
 11662 | D:9      | HP: 4/84 [black bear (6)]
 11662 | D:9      | Slain by a black bear

Illustrated notes

Levels and vault maps discovered:
D:1:      eino_arrival_water_cross, layout_basic
D:2:      layout_basic, old_standard_altar, trog_butcher_becter, uniq_sigmund
D:3:      layout_basic, lemuel_doored_altar, old_standard_altar,
          old_standard_altar, lemuel_round_altar
D:4:      minmay_razor_zed, layout_basic, lemuel_round_altar,
          kiku_gazebo_pond_becter, uniq_robin
D:5:      layout_layer_cave, minmay_temple_entry_statues_fountains,
          nicolae_dithmenos_through_a_glass_darkly
D:6:      layout_loops_cross, slow_altar_1, cheibrodos_sewer_entry_bend,
          uniq_crazy_yiuf_cottage
D:7:      layout_loops_cross, lemuel_crystal_altar, gammafunk_ghost_necromancy,
          minmay_manual_mares
D:8:      layout_basic, yredelemnul_altar_generic
D:9:      layout_small_grid, nicolae_qazlal_style_of_elements,
          gammafunk_temple_overflow_pools, basic_altar, uniq_psyche
Temple:   corrupted_temple

Skill      XL: |  1  2  3  4  5  6  7  8  9 |
---------------+----------------------------+-----
Transmutations | 3 4 5 6 8 10 | 10.1
Poison Magic   | 3 |  3.0
Unarmed Combat | 4 5 6 7 |  7.7
Spellcasting   | 3 4 |  4.0
Ice Magic      | 3 4 |  4.0
Fighting       | |  1.0
Dodging        | |  1.5

Action                   |  1- 3 |  4- 6 |  7- 9 || total
-------------------------+-------+-------+-------++-------
Melee: Unarmed           |    52 |    62 |   307 ||   421
       Headbutt          |     2 |       |       ||     2
       Punch             |       |       |     2 ||     2
 Cast: Beastly Appendage |    12 |       |     1 ||    13
       Spider Form       |     1 |    17 |    50 ||    68
       Ice Form          |       |       |     8 ||     8
       Blade Hands       |       |       |     1 ||     1
 Abil: Spit Poison       |    10 |    14 |    32 ||    56
Evoke: Wand              |       |       |     3 ||     3
  Use: Scroll            |     4 |       |    12 ||    16
       Potion            |       |       |     8 ||     8
 Stab: Sleeping          |       |       |     1 ||     1
Armor: Robe              |     7 |     1 |     7 ||    15
       Skin              |       |       |    31 ||    31
Dodge: Dodged            |    44 |    54 |   250 ||   348

Table legend: (Time is in decaauts)
 A = Elapsed time spent in this place.
 B = Non-inter-level travel time spent in this place.
 C = Inter-level travel time spent in this place.
 D = Time resting spent in this place.
 E = Time spent auto-exploring this place.
 F = Levels seen in this place.
 G = Mean time per level.
                   A        B        C        D        E       F      G
               +--------+--------+--------+--------+--------+-----+--------+
         Total |  14595 |  14057 |    538 |    568 |  11983 |  10 | 1459.5 |
       Dungeon |  14519 |  13999 |    520 |    568 |  11926 |   9 | 1613.2 |
        Temple |     75 |     58 |     17 |      0 |     57 |   1 |   75.0 |
               +--------+--------+--------+--------+--------+-----+--------+

Top non-repeatable levels by time:
     D:5: 2644 daAuts
     D:4: 2346 daAuts
     D:6: 2074 daAuts
     D:1: 1847 daAuts
     D:8: 1674 daAuts
     D:2: 1552 daAuts
     D:7: 1320 daAuts
     D:3: 975 daAuts
     D:9: 82 daAuts
  Temple: 75 daAuts
